[ AOE2 MATCH · #505114156 ]
UnrankedIncas vs Dravidians
Player's team · WIN
[ REPLAY ANALYSIS · EXTRACTED FROM THE RECORDED GAME ]
Feudal
10:33
Castle
22:56
Imperial
37:25
| APM avg | 66.1 |
| APM peak | 104 |
| eAPM avg | 29.5 |
| Villagers / military | 152 / 100 |
Focus
⚔️ 45.5% · 🌾 54.5%
Archer ×75 · Unknown (2550) ×29 · Trebuchet (Packed) ×9 · Mangonel ×8 · Kamayuk ×5 · Monk ×3
Feudal
9:16
Castle
20:16
Imperial
37:18
| APM avg | 65.4 |
| APM peak | 101 |
| eAPM avg | 43.8 |
| Villagers / military | 190 / 133 |
Focus
⚔️ 61.8% · 🌾 38.2%
Skirmisher ×86 · Militia ×28 · Petard ×5 · Spearman ×5 · Mangonel ×4 · Trebuchet (Packed) ×3
Match map
Initial resources + every placement click. Lines = walls · curves = elevation contours. ◆ gold · ⬟ stone · ● berries · ✦ relic · ◌ wall gap
Your base· Open — unwalled flank
No more T1LT's base· Open — 4t gap
Smoothed initial terrain · ◌ = detected wall gap · hover for details
Inputs per minute
— Macluffy - - No more T1LT
Build order — Macluffy
First 150 of 468 actions detected
| 0:01 | Create | Villager (Male) |
| 0:02 | Build | House |
| 0:03 | Build | House |
| 0:09 | Create | Villager (Male) |
| 0:16 | Create | Villager (Male) |
| 0:22 | Create | Villager (Male) |
| 1:25 | Create | Villager (Male) |
| 1:25 | Create | Villager (Male) |
| 1:49 | Build | Settlement |
| 1:53 | Build | Settlement |
| 1:57 | Create | Villager (Male) |
| 2:14 | Create | Villager (Male) |
| 2:48 | Create | Villager (Male) |
| 2:48 | Create | Villager (Male) |
| 3:02 | Create | Villager (Male) |
| 3:03 | Create | Villager (Male) |
| 3:37 | Create | Villager (Male) |
| 4:00 | Create | Villager (Male) |
| 4:35 | Create | Villager (Male) |
| 4:39 | Build | Barracks |
| 4:53 | Create | Villager (Male) |
| 5:10 | Create | Villager (Male) |
| 5:26 | Build | House |
| 5:35 | Create | Unit 2550 |
| 5:42 | Create | Unit 2550 |
| 5:52 | Create | Villager (Male) |
| 6:13 | Create | Villager (Male) |
| 6:21 | Research | Loom |
| 6:40 | Create | Villager (Male) |
| 6:57 | Create | Villager (Male) |
| 7:23 | Build | Settlement |
| 7:50 | Create | Villager (Male) |
| 8:23 | Research | Feudal Age |
| 8:43 | Build | Settlement |
| 9:28 | Create | Unit 2550 |
| 9:56 | Create | Unit 2550 |
| 10:01 | Create | Unit 2550 |
| 10:17 | Create | Villager (Male) |
| 10:33 | Age | Feudal Age |
| 10:38 | Build | Archery Range |
| 10:39 | Research | Tech 1402 |
| 10:43 | Create | Villager (Male) |
| 10:47 | Build | Palisade Wall |
| 10:50 | Build | Palisade Wall |
| 10:59 | Research | Arson |
| 10:59 | Research | Arson |
| 11:00 | Create | Villager (Male) |
| 11:06 | Build | Palisade Wall |
| 11:17 | Build | House |
| 11:20 | Create | Archer |
| 11:21 | Create | Villager (Male) |
| 11:31 | Build | Palisade Wall |
| 11:32 | Build | Palisade Wall |
| 11:34 | Build | Palisade Wall |
| 11:42 | Build | House |
| 11:43 | Create | Villager (Male) |
| 11:48 | Research | Double-Bit Axe |
| 11:48 | Research | Double-Bit Axe |
| 11:50 | Research | Horse Collar |
| 11:51 | Research | Horse Collar |
| 11:53 | Create | Archer |
| 11:54 | Create | Villager (Male) |
| 12:09 | Build | Palisade Wall |
| 12:12 | Create | Villager (Male) |
| 12:24 | Create | Archer |
| 12:27 | Build | Farm |
| 12:32 | Create | Villager (Male) |
| 12:54 | Build | Farm |
| 12:54 | Build | Farm |
| 13:06 | Create | Villager (Male) |
| 13:15 | Build | Farm |
| 13:17 | Build | Farm |
| 13:20 | Create | Archer |
| 13:26 | Create | Unit 2550 |
| 13:29 | Create | Villager (Male) |
| 13:44 | Build | Farm |
| 13:47 | Build | Farm |
| 13:54 | Build | Farm |
| 13:59 | Create | Archer |
| 14:00 | Create | Villager (Male) |
| 14:17 | Create | Villager (Male) |
| 14:19 | Build | Farm |
| 14:20 | Create | Archer |
| 14:23 | Create | Unit 2550 |
| 14:45 | Create | Villager (Male) |
| 15:00 | Create | Villager (Male) |
| 15:14 | Build | Blacksmith |
| 15:15 | Create | Villager (Male) |
| 15:17 | Build | Farm |
| 15:19 | Create | Unit 2550 |
| 15:21 | Create | Unit 2550 |
| 15:22 | Create | Archer |
| 15:29 | Create | Villager (Male) |
| 15:46 | Build | Farm |
| 15:46 | Create | Villager (Male) |
| 15:57 | Research | Scale Mail Armor |
| 15:58 | Build | House |
| 16:09 | Create | Villager (Male) |
| 16:13 | Create | Archer |
| 16:24 | Build | Market |
| 16:24 | Create | Villager (Male) |
| 16:34 | Research | Forging |
| 16:34 | Create | Archer |
| 16:49 | Create | Villager (Male) |
| 16:56 | Create | Archer |
| 16:57 | Create | Villager (Male) |
| 17:06 | Create | Archer |
| 17:09 | Build | Farm |
| 17:13 | Build | Farm |
| 17:14 | Build | Farm |
| 17:16 | Create | Archer |
| 17:18 | Create | Unit 2550 |
| 17:26 | Create | Archer |
| 17:32 | Create | Villager (Male) |
| 17:36 | Build | House |
| 17:47 | Build | Farm |
| 18:02 | Create | Archer |
| 18:20 | Research | Fletching |
| 18:20 | Research | Fletching |
| 18:25 | Create | Archer |
| 18:26 | Create | Villager (Male) |
| 18:53 | Create | Villager (Male) |
| 20:16 | Research | Castle Age |
| 20:37 | Create | Archer |
| 21:39 | Create | Archer |
| 21:39 | Create | Villager (Male) |
| 21:48 | Create | Archer |
| 21:51 | Build | Archery Range |
| 22:00 | Create | Archer |
| 22:22 | Create | Villager (Male) |
| 22:48 | Create | Archer |
| 22:49 | Create | Villager (Male) |
| 22:56 | Age | Castle Age |
| 22:57 | Build | Town Center |
| 23:00 | Research | Crossbowman (upgrade) |
| 23:00 | Research | Crossbowman (upgrade) |
| 23:03 | Research | Bodkin Arrow |
| 23:03 | Research | Bodkin Arrow |
| 23:07 | Build | Town Center |
| 23:11 | Build | Siege Workshop |
| 23:13 | Create | Villager (Male) |
| 23:25 | Research | Wheelbarrow |
| 23:29 | Create | Villager (Male) |
| 23:36 | Build | House |
| 23:37 | Build | House |
| 23:44 | Create | Mangonel |
| 23:47 | Build | House |
| 23:49 | Build | House |
| 23:57 | Create | Mangonel |
| 23:59 | Create | Villager (Male) |
Build order — No more T1LT
First 150 of 469 actions detected
| 0:01 | Create | Villager (Male) |
| 0:01 | Create | Villager (Male) |
| 0:02 | Build | House |
| 0:03 | Build | House |
| 0:08 | Create | Villager (Male) |
| 0:11 | Create | Villager (Male) |
| 0:11 | Create | Villager (Male) |
| 1:22 | Create | Villager (Male) |
| 1:54 | Create | Villager (Male) |
| 1:54 | Create | Villager (Male) |
| 2:23 | Create | Villager (Male) |
| 2:24 | Build | Lumber Camp |
| 2:49 | Create | Villager (Male) |
| 2:58 | Create | Villager (Male) |
| 3:19 | Create | Villager (Male) |
| 3:20 | Create | Villager (Male) |
| 3:50 | Build | House |
| 3:54 | Build | Palisade Wall |
| 4:00 | Create | Villager (Male) |
| 4:04 | Create | Villager (Male) |
| 4:28 | Create | Villager (Male) |
| 4:56 | Build | Mill |
| 5:03 | Create | Villager (Male) |
| 5:15 | Create | Villager (Male) |
| 5:52 | Research | Loom |
| 6:20 | Create | Villager (Male) |
| 6:33 | Build | House |
| 7:03 | Research | Feudal Age |
| 7:03 | Research | Feudal Age |
| 7:40 | Build | Lumber Camp |
| 7:51 | Create | Villager (Male) |
| 8:22 | Create | Villager (Male) |
| 8:44 | Build | Barracks |
| 8:55 | Build | House |
| 8:55 | Build | House |
| 8:57 | Build | Palisade Wall |
| 9:13 | Create | Villager (Male) |
| 9:16 | Age | Feudal Age |
| 9:40 | Build | Archery Range |
| 9:45 | Create | Villager (Male) |
| 9:55 | Research | Double-Bit Axe |
| 9:55 | Research | Horse Collar |
| 9:55 | Research | Horse Collar |
| 10:00 | Build | Mill |
| 10:03 | Create | Villager (Male) |
| 10:05 | Build | House |
| 10:13 | Build | Palisade Wall |
| 10:14 | Build | Palisade Wall |
| 10:30 | Build | Farm |
| 10:42 | Create | Skirmisher |
| 10:42 | Create | Villager (Male) |
| 10:50 | Build | Farm |
| 10:52 | Build | Farm |
| 11:04 | Create | Skirmisher |
| 11:06 | Create | Villager (Male) |
| 11:10 | Build | House |
| 11:11 | Build | Palisade Wall |
| 11:23 | Create | Skirmisher |
| 11:24 | Create | Villager (Male) |
| 11:35 | Create | Villager (Male) |
| 11:36 | Build | Farm |
| 11:37 | Build | Farm |
| 11:47 | Build | Palisade Wall |
| 11:53 | Build | Palisade Wall |
| 11:54 | Build | Palisade Wall |
| 11:59 | Create | Villager (Male) |
| 12:00 | Create | Skirmisher |
| 12:17 | Build | Palisade Wall |
| 12:26 | Build | Farm |
| 12:27 | Build | Farm |
| 12:45 | Create | Villager (Male) |
| 12:46 | Build | Farm |
| 12:47 | Build | Farm |
| 12:56 | Build | Farm |
| 13:12 | Create | Skirmisher |
| 13:23 | Create | Villager (Male) |
| 13:27 | Build | House |
| 13:28 | Build | Palisade Wall |
| 13:31 | Build | Palisade Wall |
| 13:40 | Create | Villager (Male) |
| 13:52 | Build | Blacksmith |
| 13:55 | Create | Skirmisher |
| 14:06 | Create | Villager (Male) |
| 14:08 | Build | House |
| 14:14 | Build | Farm |
| 14:20 | Create | Skirmisher |
| 14:43 | Create | Villager (Male) |
| 14:45 | Build | Mining Camp |
| 14:46 | Build | Mining Camp |
| 14:49 | Create | Skirmisher |
| 14:56 | Build | Palisade Wall |
| 14:58 | Create | Villager (Male) |
| 15:17 | Create | Skirmisher |
| 15:18 | Create | Villager (Male) |
| 15:20 | Build | Farm |
| 15:40 | Build | House |
| 15:40 | Build | House |
| 15:42 | Build | House |
| 15:45 | Create | Villager (Male) |
| 15:50 | Create | Skirmisher |
| 15:55 | Research | Wheelbarrow |
| 15:55 | Research | Wheelbarrow |
| 16:10 | Build | Farm |
| 16:15 | Create | Skirmisher |
| 16:28 | Build | House |
| 16:42 | Build | Farm |
| 16:59 | Create | Villager (Male) |
| 17:27 | Build | Barracks |
| 17:35 | Research | Castle Age |
| 17:36 | Research | Castle Age |
| 17:46 | Build | House |
| 18:08 | Research | Fletching |
| 18:14 | Build | Farm |
| 18:23 | Build | Farm |
| 18:26 | Build | House |
| 18:31 | Create | Villager (Male) |
| 18:46 | Research | Man-at-Arms (upgrade) |
| 18:48 | Research | Scale Mail Armor |
| 18:58 | Build | House |
| 19:13 | Build | House |
| 19:19 | Build | Farm |
| 19:24 | Build | House |
| 19:25 | Create | Villager (Male) |
| 19:49 | Build | Palisade Wall |
| 19:52 | Create | Militia |
| 19:52 | Create | Militia |
| 20:01 | Build | House |
| 20:03 | Create | Militia |
| 20:03 | Create | Villager (Male) |
| 20:07 | Build | Palisade Wall |
| 20:08 | Build | Palisade Wall |
| 20:16 | Build | Palisade Wall |
| 20:16 | Age | Castle Age |
| 20:18 | Build | Palisade Wall |
| 20:19 | Build | Palisade Wall |
| 20:28 | Build | Palisade Wall |
| 20:41 | Create | Villager (Male) |
| 20:51 | Build | House |
| 20:54 | Create | Militia |
| 20:54 | Create | Militia |
| 20:56 | Research | Bodkin Arrow |
| 21:00 | Build | Town Center |
| 21:09 | Research | Elite Skirmisher (upgrade) |
| 21:16 | Create | Villager (Male) |
| 21:46 | Create | Villager (Male) |
| 21:57 | Create | Villager (Male) |
| 22:00 | Create | Militia |
| 22:00 | Create | Militia |
| 22:01 | Create | Skirmisher |
| 22:02 | Create | Skirmisher |
Match timeline
| 3:54 | No more T1LT · wall_segment Palisade Wall x1 |
| 4:39 | Macluffy · first_building Barracks |
| 8:44 | No more T1LT · first_building Barracks |
| 8:57 | No more T1LT · wall_segment Palisade Wall x1 |
| 9:16 | No more T1LT · age_up feudal |
| 9:40 | No more T1LT · first_building Archery Range |
| 10:13 | No more T1LT · wall_segment Palisade Wall x1 |
| 10:14 | No more T1LT · wall_segment Palisade Wall x1 |
| 10:33 | Macluffy · age_up feudal |
| 10:38 | Macluffy · first_building Archery Range |
| 10:47 | Macluffy · wall_segment Palisade Wall x1 |
| 10:50 | Macluffy · wall_segment Palisade Wall x1 |
| 11:06 | Macluffy · wall_segment Palisade Wall x1 |
| 11:11 | No more T1LT · wall_segment Palisade Wall x6 |
| 11:31 | Macluffy · wall_segment Palisade Wall x3 |
| 11:32 | Macluffy · wall_segment Palisade Wall x1 |
| 11:34 | Macluffy · wall_segment Palisade Wall x6 |
| 11:47 | No more T1LT · wall_segment Palisade Wall x9 |
| 11:53 | No more T1LT · wall_segment Palisade Wall x5 |
| 11:54 | No more T1LT · wall_segment Palisade Wall x4 |
| 12:09 | Macluffy · wall_segment Palisade Wall x18 |
| 12:17 | No more T1LT · wall_segment Palisade Wall x2 |
| 13:28 | No more T1LT · wall_segment Palisade Wall x1 |
| 13:31 | No more T1LT · wall_segment Palisade Wall x1 |
| 14:56 | No more T1LT · wall_segment Palisade Wall x15 |
| 17:37 | Macluffy · first_market_sell 100 stone |
| 17:38 | Macluffy · first_market_buy 100 food |
| 19:49 | No more T1LT · wall_segment Palisade Wall x1 |
| 20:07 | No more T1LT · wall_segment Palisade Wall x1 |
| 20:08 | No more T1LT · wall_segment Palisade Wall x1 |
| 20:16 | No more T1LT · wall_segment Palisade Wall x1 |
| 20:16 | No more T1LT · age_up castle |
| 20:18 | No more T1LT · wall_segment Palisade Wall x1 |
| 20:19 | No more T1LT · wall_segment Palisade Wall x1 |
| 20:28 | No more T1LT · wall_segment Palisade Wall x1 |
| 22:56 | Macluffy · age_up castle |
| 23:11 | Macluffy · first_building Siege Workshop |
| 24:52 | Macluffy · first_building Monastery |
| 27:28 | No more T1LT · first_building Siege Workshop |
| 31:53 | No more T1LT · first_building Monastery |
| 32:26 | No more T1LT · first_building Castle |
| 33:30 | Macluffy · first_building Castle |
| 37:18 | No more T1LT · age_up imperial |
| 37:25 | Macluffy · age_up imperial |
| 37:33 | No more T1LT · first_market_sell 100 food |
| 39:06 | No more T1LT · first_market_buy 100 wood |
| 43:53 | No more T1LT · resign |
[ AI ANALYSIS · 1 CREDIT ]
What really happened in this match?
Wolo.gg analyzes every decision: build order, eco, micro, common mistakes by bracket. Personalized analysis on WhatsApp or Discord in 30 seconds.
Civ guide
Incas
Perfil
Jugador #453821